 Dungeon Crawl Stone Soup version 0.24.1-8-ga250c9d538 (webtiles) character file.

Game seed: 8669443876338434627, levelgen mode: deterministic

28 Tardor the Vandal (level 3, -1/24 HPs)
             Began as a Halfling Hunter on May 7, 2020.
             Killed from afar by Natasha (6 damage)
             ... with a magic dart
             ... on level 2 of the Dungeon.
             The game lasted 00:04:44 (765 turns).

Tardor the Vandal (Halfling Hunter)                  Turns: 765, Time: 00:04:44

Health: -1/24      AC:  3    Str: 13    XL:     3   Next: 30%
Magic:  3/3        EV: 14    Int:  9    God:
Gold:   82         SH:  0    Dex: 15    Spells: 2/2 levels left

rFire    . . .     SeeInvis .   a - +1 hunting sling
rCold    . . .     Gourm    .   (shield restricted)
rNeg     . . .     Faith    .   c - +0 leather armour
rPois    .         Spirit   .   (no helmet)
rElec    .         Reflect  .   (no cloak)
rCorr    .         Harm     .   (no gloves)
MR       .....                  (no boots)
Stlth    ++........             (no amulet)
HPRegen  0.08/turn              (no ring)
MPRegen  0.08/turn              (no ring)

@: no status effects
A: small, mutation resistance 1
a: no special abilities


You were on level 2 of the Dungeon.
You were full.

You visited 1 branch of the dungeon, and saw 2 of its levels.

You collected 82 gold pieces.

Inventory:

Hand Weapons
 a - a +1 hunting sling (weapon)
 b - a +0 short sword
 i - a +0 club
 n - a +0 club
 q - a +0 club
 t - a +0 whip
 u - a +0 club
Missiles
 d - 7 sling bullets (quivered)
 g - 31 arrows
 h - 8 boomerangs
 l - 22 bolts
 m - 28 stones
Armour
 c - a +0 leather armour (worn)
Jewellery
 v - a cursed ring of attention
Scrolls
 e - 3 scrolls of identify {unknown}
 j - a scroll of enchant weapon {unknown}
 k - a scroll of blinking {unknown}
 o - 2 scrolls of teleportation {unknown}
 s - a scroll of immolation {unknown}
Potions
 p - a potion of lignification {unknown}
 r - a potion of curing {unknown}
Comestibles
 f - 4 rations


   Skills:
 + Level 1.8 Fighting
 + Level 7.1 Slings
 + Level 2.2 Dodging
 + Level 1.1 Stealth


You had 2 spell levels left.
You didn't know any spells.
Your spell library was empty.

Dungeon Overview and Level Annotations

Branches:
Dungeon (2/15)

Altars:

Annotations:
D:2 Natasha


Innate Abilities, Weirdness & Mutations

You are small and have problems with some larger weapons.
You are somewhat resistant to further mutation.


Message History

Aim: Natasha (lightly wounded)
You shoot a sling bullet.
The sling bullet closely misses Natasha.
Natasha stares at you and mumbles some strange words.
The magic dart hits you.
Firing (i - inventory. (/) - cycle)
d - 9 sling bullets (quivered)
Press: ? - help, Shift-Dir - straight line, f/p - Natasha
Aim: Natasha (lightly wounded)
You shoot a sling bullet. The sling bullet hits Natasha.
Natasha is moderately wounded.
Firing (i - inventory. (/) - cycle)
d - 8 sling bullets (quivered)
Press: ? - help, Shift-Dir - straight line, f/p - Natasha
Aim: Natasha (moderately wounded)
You shoot a sling bullet. The sling bullet barely misses Natasha.
Natasha stares at you and mumbles some strange words.
The magic dart hits you!
* * * LOW HITPOINT WARNING * * *
Natasha stares at you and mumbles some strange words.
The magic dart hits you.
You die...

#.## ##...## #.#
##+## #.# #.# #.#
###.#### .
#......# ..(
#.#.##.#####(....
#.#.†...@h(.(...(
#.####.#####.....
#.# #.# ##.
#.####.# #......#
########


You could see Natasha.

Vanquished Creatures
  A leopard gecko (D:1)
  3 bats
  A giant cockroach (D:1)
  3 goblins (D:1)
  5 hobgoblins
  2 jackals (D:1)
  6 kobolds
  A quokka (D:2)
  A frilled lizard (D:2)
23 creatures vanquished.

Notes
Turn   | Place    | Note
-------+----------+-------------------------------------------
     0 | D:1      | Tardor the Halfling Hunter began the quest for the Orb.
     0 | D:1      | Reached XP level 1. HP: 14/14 MP: 1/1
    23 | D:1      | Reached skill level 6 in Slings
   134 | D:1      | Reached XP level 2. HP: 19/19 MP: 2/2
   581 | D:2      | Reached XP level 3. HP: 24/24 MP: 3/3
   603 | D:2      | Reached skill level 7 in Slings
   754 | D:2      | Noticed Natasha
   765 | D:2      | Killed from afar by Natasha

Levels and vault maps discovered:
D:1:      enne_arrival_octagon_isle, layout_rooms, due_unseen_surprise
D:2:      layout_loops_corners, first_ration, uniq_robin, uniq_natasha

Skill      XL: |  1  2  3 |
---------------+----------+-----
Slings         | 6 7 |  7.1
Fighting       | |  1.8
Dodging        | |  2.2
Stealth        | |  1.1

Action                   || total
-------------------------++-------
 Fire: Hunting sling     ||    65
  Eat: Ration            ||     1
Armor: Leather armour    ||     4
Dodge: Dodged            ||     9
